 Dungeon Crawl Stone Soup version 0.31-a0-986-g5e6e4ef867 (webtiles) character file.

Game seed: 18194320611970668087

2131829 Lobster4 the Axe Maniac (level 27, 252/270 HPs)
             Began as a Hill Orc Fighter on Nov 10, 2023.
             Was the Champion of Nemelex Xobeh.
             Escaped with the Orb
             ... and 4 runes on Nov 11, 2023!
             The game lasted 05:59:17 (81422 turns).

Lobster4 the Axe Maniac (Hill Orc Fighter)         Turns: 81422, Time: 05:59:18

Health: 252/270    AC: 51    Str: 28    XL:     27
Magic:  29/29      EV: 18    Int: 22    God:    Nemelex Xobeh [******]
Gold:   5916       SH: 15    Dex:  6    Spells: 32/46 levels left

rFire   + + +        a - +9 broad axe (drain)
rCold   . . .        Q - +4 kite shield {reflect}
rNeg    + + .        N - +8 orange crystal plate armour {Archmagi, Int+3 Clar}
rPois   +            I - +1 hat "Pelaedu" {rElec rN++ Int+3 Stlth+}
rElec   +            w - +4 dragonskin cloak
rCorr   +            u - +0 pair of gloves of Vaolasme {rElec rF+ Will++ Stlth-}
SInv    +            l - +1 pair of boots of Gufaj {rF++ Regen+ Stlth-}
Will    ++++.        B - amulet of regeneration Stlth
                     j - ring of the Hare {EV+10}
HPRegen 2.25/turn    r - ring of Seosapif {Fly rPois rCorr Str+4 Dex-5}
MPRegen 0.21/turn

%: reflection, clarity, archmagi
@: flying, hasted (expiring), studying 2 skills, very quick
A: horns 1, iridescent scales 1, see invisible, clarity, clever 1, deterioration
1, low MP 2, poison resistance, weak 1, inability to read after injury 1
0: Orb of Zot
}: 4/15 runes: serpentine, barnacled, silver, abyssal
a: Renounce Religion, Draw Escape, Draw Destruction, Draw Summoning, Draw Stack,
Triple Draw, Deal Four, Stack Five


You escaped.
You worshipped Nemelex Xobeh.
Nemelex Xobeh was exalted by your worship.
You visited 11 branches of the dungeon, and saw 51 of its levels.
You visited the Abyss 2 times.
You also visited: Trove, Gauntlet and Volcano.

You collected 9150 gold pieces.
You spent 3234 gold pieces at shops.

Inventory:

Hand Weapons
 a - a +9 broad axe of draining (weapon)
 b - the +7 spear "Ehuots" {flame, *Rage rF+ Str+5}
   (You found it on level 2 of the Dungeon)

   Str+5:     It affects your strength (+5).
   rF+:       It protects you from fire.
   *Rage:     It berserks you when you make melee attacks (+20% chance).
Missiles
 d - 12 silver javelins (quivered)
Armour
 l - the +1 pair of boots of Gufaj (worn) {rF++ Regen+ Stlth-}
   (You found it on level 2 of the Depths)

   rF++:      It greatly protects you from fire.
   Regen+:    It increases your rate of health regeneration.
   Stlth-:    It makes you less stealthy.
 n - a +2 plate armour of willpower
 u - the +0 pair of gloves of Vaolasme (worn) {rElec rF+ Will++ Stlth-}
   (You found it in a treasure trove)

   rF+:       It protects you from fire.
   rElec:     It insulates you from electricity.
   Will++:    It greatly increases your willpower.
   Stlth-:    It makes you less stealthy.
 w - the +4 dragonskin cloak (worn)
   (You took it off Tiamat on level 2 of the Realm of Zot)

   Avatar's Aegis: It grants the wearer a chance to resist fire, cold, poison,
   electricity, acid, and negative energy.
 C - the +1 cloak of Omission {rC+ Will+}
   (You found it on level 2 of the Vaults)

   rC+:       It protects you from cold.
   Will+:     It increases your willpower.
 D - the +2 pair of gloves "Riulud" {MP+9 Str+3}
   (You found it on level 1 of the Elven Halls)

   Str+3:     It affects your strength (+3).
   MP+9:      It affects your magic capacity (+9).
 I - the +1 hat "Pelaedu" (worn) {rElec rN++ Int+3 Stlth+}
   (You found it on level 2 of the Orcish Mines)

   Int+3:     It affects your intelligence (+3).
   rElec:     It insulates you from electricity.
   rN++:      It greatly protects you from negative energy.
   Stlth+:    It makes you more stealthy.
 N - the +8 orange crystal plate armour (worn) {Archmagi, Int+3 Clar}
   (You found it in a treasure trove)

   Int+3:     It affects your intelligence (+3).
   Clar:      It protects you from confusion, rage, mesmerisation and fear.
 Q - a +4 kite shield of reflection (worn)
Jewellery
 e - a ring of resist corrosion
 f - the ring "Enuri" {rElec SInv}
   (You found it on level 3 of the Elven Halls)

   [ring of see invisible]

   rElec:     It insulates you from electricity.
   SInv:      It lets you see invisible.
 j - the ring of the Hare (left hand) {EV+10}
   (You took it off a minotaur in a Gauntlet)

   [ring of evasion]

   EV+10:     It affects your evasion (+10).
 o - a +4 ring of protection
 p - a ring of flight
 q - a ring of poison resistance
 r - the ring of Seosapif (right hand) {Fly rPois rCorr Str+4 Dex-5}
   (You found it on level 4 of the Depths)

   [ring of poison resistance]

   Str+4:     It affects your strength (+4).
   Dex-5:     It affects your dexterity (-5).
   rPois:     It protects you from poison Fly: It grants you flight.
   rCorr:     It protects you from acid and corrosion.
 y - the ring "Odwuguum" {Fire Drain rPois Str+9 Dex-3}
   (You found it on level 3 of the Elven Halls)

   [ring of fire]

   Fire:      It enhances your fire magic.
   Str+9:     It affects your strength (+9).
   Dex-3:     It affects your dexterity (-3).
   rF+:       It protects you from fire.
   rC-:       It makes you vulnerable to cold.
   rPois:     It protects you from poison Drain: It drains your maximum health
   when unequipped.
 B - an amulet of regeneration (around neck)
Wands
 s - a wand of mindburst (14)
 z - a wand of iceblast (58)
 O - a wand of paralysis (48)
 R - a wand of light (34)
 T - a wand of digging (19)
Scrolls
 g - 3 scrolls of poison
 m - 3 scrolls of silence
 t - 21 scrolls of teleportation
 v - 3 scrolls of revelation
 A - 10 scrolls of fog
 K - 4 scrolls of fear
 P - 3 scrolls of immolation
Potions
 c - 4 potions of enlightenment
 h - 2 potions of ambrosia
 x - a potion of cancellation
 G - 13 potions of curing
 J - 3 potions of resistance
 M - a potion of haste
 S - 3 potions of might
 W - 12 potions of lignification
 X - 5 potions of heal wounds
 Y - 6 potions of invisibility
Miscellaneous
 k - a lightning rod (4/4)
 H - a condenser vane
 L - a phantom mirror


   Skills:
 + Level 26.5 Fighting
 O Level 27 Axes
 - Level 4.0 Throwing
 + Level 24.4 Armour
 - Level 3.0 Dodging
 - Level 15.0 Shields
 - Level 10.0 Spellcasting
 - Level 10.0 Conjurations
 - Level 10.0 Summonings
 - Level 5.0 Necromancy
 + Level 16.9 Air Magic
 - Level 5.0 Poison Magic
 - Level 20.0 Invocations
 - Level 3.0 Evocations
 - Level 13.0 Shapeshifting


You had 32 spell levels left.
You knew the following spells:

 Your Spells              Type           Power      Damage    Failure   Level
a - Magic Dart            Conj           100%       1d8       1%          1
b - Summon Lightning Spi  Summ/Air       81%        N/A       2%          4
c - Cigotuvi's Dreadful   Necr/Pois/Air  100%       N/A       2%          2
d - Airstrike             Air            45%        2d(7-23)  1%          4
s - Swiftness             Air            91%        N/A       1%          3

Your spell library contained the following spells:

 Spells                   Type           Power      Damage    Failure   Level
 Shock                    Conj/Air       100%       1d9       1%          1
 Summon Small Mammal      Summ           100%       N/A       1%          1
 Call Imp                 Summ           100%       N/A       1%          2
 Poisonous Vapours        Pois/Air       100%       N/A       1%          2
 Searing Ray              Conj           100%       2d8       1%          2
 Mephitic Cloud           Conj/Pois/Air  72%        N/A       2%          3
 Kiss of Death            Conj/Necr      100%       2d13      3%          1
 Foxfire                  Conj/Fire      100%       2x1d9     9%          1
 Momentum Strike          Conj/Tloc      98%        3d10      12%         2
 Sting                    Tmut/Pois      100%       1d8       22%         1
 Dazzling Flash           Conj/Hex       98%        N/A       24%         3
 Hailstorm                Conj/Ice       49%        3d11      24%         3
 Stone Arrow              Conj/Erth      98%        3d13      24%         3
 Iskenderun's Battlesphe  Conj           70%        2d12      28%         5
 Conjure Ball Lightning   Conj/Air       40%        3x3d13    36%         6
 Silence                  Hex/Air        32%        N/A       50%         5
 Apportation              Tloc           32%        N/A       54%         1
 Sandblast                Erth           32%        2d9       54%         1
 Animate Armour           Summ/Erth      98%        N/A       63%         4
 Brom's Barrelling Bould  Conj/Erth      49%        2d7       63%         4
 Dispel Undead            Necr           49%        3d18      63%         4
 Flame Wave               Conj/Fire      49%        2d12      63%         4
 Fulminant Prism          Conj/Hex       24%        3d12      63%         4
 Iskenderun's Mystic Bla  Conj/Tloc      49%        2d11      63%         4
 Olgreb's Toxic Radiance  Pois           49%        N/A       63%         4
 Sticky Flame             Conj/Fire      49%        2d7       63%         4
 Summon Ice Beast         Ice/Summ       49%        N/A       63%         4
 Blink                    Tloc           32%        N/A       67%         2
 Ensorcelled Hibernation  Hex/Ice        32%        N/A       67%         2
 Jinxbite                 Hex            32%        N/A       67%         2
 Lesser Beckoning         Tloc           32%        N/A       67%         2
 Passwall                 Tmut/Erth      13%        N/A       67%         2
 Scorch                   Fire           32%        2d6       67%         2
 Ignite Poison            Fire/Tmut/Pois 27%        N/A       69%         3
 Summon Cactus Giant      Summ           35%        N/A       85%         6
 Frozen Ramparts          Ice            32%        1d5       88%         3
 Gell's Gravitas          Tloc           16%        N/A       88%         3
 Inner Flame              Hex/Fire       16%        N/A       88%         3
 Ozocubu's Armour         Ice            16%        N/A       88%         3
 Teleport Other           Tloc           16%        N/A       88%         3
 Volatile Blastmotes      Fire/Tloc      32%        2d12      88%         3
 Anguish                  Hex/Necr       16%        N/A       92%         4
 Agony                    Necr           49%        N/A       92%         5
 Fireball                 Conj/Fire      24%        3d11      92%         5
 Summon Forest            Summ/Tloc      24%        N/A       92%         5
 Summon Mana Viper        Hex/Summ       49%        N/A       92%         5
 Plasma Beam              Fire/Air       32%        2x1d45    97%         6
 Cause Fear               Hex            8%         N/A       99%         4
 Leda's Liquefaction      Hex/Erth       8%         N/A       99%         4
 Manifold Assault         Tloc           16%        N/A       99%         4
 Passage of Golubria      Tloc           16%        N/A       99%         4
 Petrify                  Tmut/Erth      16%        N/A       99%         4
 Alistair's Intoxication  Tmut/Pois      22%        N/A       99%         5
 Borgnjor's Vile Clutch   Necr/Erth      16%        N/A       99%         5
 Maxwell's Capacitive Co  Air            45%        ∞         99%         8
 Lee's Rapid Deconstruct  Erth           8%         3d7*      100%        5
 Metabolic Englaciation   Hex/Ice        8%         N/A       100%        5
 Yara's Violent Unravell  Hex/Tmut       8%         3d5       100%        5
 Bombard                  Conj/Erth      24%        9d5       100%        6
 Death Channel            Necr           24%        N/A       100%        6
 Eringya's Noxious Bog    Tmut/Pois      16%        4d6       100%        6
 Simulacrum               Ice/Necr       16%        N/A       100%        6
 Starburst                Conj/Fire      24%        6d8       100%        6
 Enfeeble                 Hex            8%         N/A       100%        7
 Haunt                    Necr/Summ      30%        N/A       100%        7
 Malign Gateway           Summ/Tloc      24%        N/A       100%        7
 Monstrous Menagerie      Summ           35%        N/A       100%        7
 Orb of Destruction       Conj           35%        9d10      100%        7
 Ozocubu's Refrigeration  Ice            8%         4d9       100%        7
 Spellforged Servitor     Conj/Summ      35%        N/A       100%        7
 Summon Hydra             Summ           35%        N/A       100%        7
 Borgnjor's Revivificati  Necr           24%        N/A       100%        8
 Ignition                 Fire           8%         3d5       100%        8
 Lehudib's Crystal Spear  Conj/Erth      24%        10d7      100%        8
 Summon Horrible Things   Summ           35%        N/A       100%        8
 Death's Door             Necr           24%        N/A       100%        9
 Dragon's Call            Summ           35%        N/A       100%        9
 Polar Vortex             Ice            8%         12d1*     100%        9


Dungeon Overview and Level Annotations

Branches:
Dungeon (15/15)            Temple (1/1) D:4            Lair (5/5) D:11
 Shoals (4/4) Lair:3        Snake (4/4) Lair:3        Slime (0/5) Lair:5
    Orc (2/2) D:12            Elf (3/3) Orc:2        Vaults (5/5) D:13
  Crypt (3/3) Vaults:2       Tomb (0/3) Crypt:3      Depths (4/4) D:15
    Zot (5/5) Depths:4    Volcano (visited)         Gauntlet (visited)

Altars:
Ashenzari
Dithmenos
Elyvilon
Fedhas
Gozag
Hepliaklqana
Kikubaaqudgha
Makhleb
Nemelex Xobeh
Okawaru
Qazlal
Ru
Sif Muna
Trog
Uskayaw
Vehumet
Wu Jian
Xom
Yredelemnul
The Shining One
Beogh

Shops:
D:3 ?   D:10 *   Orc:1 ?   Orc:2 ([[[   Elf:3 *:   Shoals:4 (   Snake:1 =(?
Snake:4 *   Vaults:4 [   Vaults:5 *   Depths:2 :=:

Portals:
Hell: Depths:1 Depths:2 Depths:3 Depths:4
Abyss: D:3 Depths:2 Depths:3
Pandemonium: Depths:1 Depths:2 Depths:3
Ziggurat: Depths:2

Annotations:
Zot:1 3 runed translucent doors, Foeck's ghost, veteran TrCK; Heerchaexodu's ghost, veteran OgBe; laschroeter's ghost, veteran MiBe


Innate Abilities, Weirdness & Mutations

You have a pair of small horns on your head.
You are partially covered in iridescent scales. (AC +2)
You have supernaturally acute eyesight. (SInv)
You possess an exceptional clarity of mind.
Your mind is acute. (Int +4, Str/Dex -1)
Your body sometimes deteriorates upon taking damage.
Your magical capacity is very low. (-20% MP)
Your system is resistant to poisons. (rPois)
You are weak. (Str -2)
You occasionally lose the ability to read scrolls when taking damage.


Message History

There is a stone staircase leading down here.
HP restored.
Aiming: Dig
Press: ? - help, Shift-Dir - straight line A rock wall.
This square is covered in magical glow.
The rock shatters into small pieces.
A chaos spawn comes into view.
You closely miss the chaos spawn. You headbutt the chaos spawn.
The chaos spawn is lightly wounded.
You barely miss the chaos spawn. You headbutt the chaos spawn!
The chaos spawn is moderately wounded.
The chaos spawn misses you.
You miss the chaos spawn. Your headbutt misses the chaos spawn.
The chaos spawn is moderately wounded.
The chaos spawn misses you.
You slash the chaos spawn! You headbutt the chaos spawn!
The chaos spawn is almost dead.
You block the chaos spawn's attack.
You slash the chaos spawn!
You kill the chaos spawn!
The chaos spawn degenerates into a cloud of primal chaos!
No target in view!
There is a stone staircase leading up here.
You fly upwards.
There is a stone staircase leading down here.
A Yttih and a hell beast come into view.
The hell beast's many legs skitter.
Blink to where?
Press: ? - help, Dir - move target
As you read the scroll of blinking, it crumbles to dust.
A lich comes into view.
You feel yourself speed up. Yttih gestures at you.
The bolt of dispelling energy misses you.
There is a staircase leading out of the dungeon here.
Yttih gestures at you.
The bolt of dispelling energy hits you!!
Your magical effects are unravelling.
You have escaped!

.......#...# #.#
######.########
######.....#
#.###.............. #.#####
#.................# #.#
############.###... #.###
###.# #... #...## ##...#
#... ##...# #########
#....# #...
#...###...8...###....###...
#...##..8.@.8..##.........#
#...#8.........8#.^..######
#......8.....8&......# #
#...#8.........8#2...# ###
#...##..8...8..##....####..
#...###...8...###..&...##.#
##...# #########
#....#....# #...##
##...###..# #.###
###########.L2...#


You could see Yttih and a hell beast.

Vanquished Creatures
  Tiamat (Zot:2)
  Khufu (Crypt:1)
  5 dread liches
  10 orbs of fire
  An ancient lich (Zot:5)
  A royal mummy (Crypt:1)
  4 Killer Klowns (Zot:5)
  A curse toe (Zot:1)
  Vv (Crypt:1)
  The ghost of arvidsem the Minotaur Barricade, a veteran MiFi of Qazlal (Depths:4)
  5 caustic shrikes (Depths:4)
  The ghost of Aryosker the Victor of a Thousand Battles, a veteran GnWn of Okawaru (Depths:4)
  The ghost of Rutraf the Master Archer, a veteran DEHs of Fedhas (Depths:4)
  11 golden dragons
  2 bone dragons
  An iron giant (Depths:4)
  2 Tzitzimimeh
  4 electric golems
  23 Orb Guardians (Zot:5)
  Rupert (Lair:3)
  Mlioglotl (Shoals:1)
  A hellephant (Abyss:4)
  21 tentacled monstrosities
  2 titans
  An ancient champion (Vaults:2)
  A deep elf blademaster (Elf:3)
  7 sphinxes
  7 quicksilver dragons
  3 liches
  4 tentacled starspawn
  8 death cobs
  2 deep elf master archers (Elf:3)
  The ghost of Eheu the Deadly Accurate, an adept DsFi of Fedhas (Shoals:2)
  A kraken (Shoals:4)
  17 storm dragons
  5 tengu reavers
  Kirke (Lair:5)
  19 shadow dragons
  The ghost of mandarbmax the Unseen, an adept VSBr of Sif Muna (Vaults:2)
  Donald (Vaults:1)
  An azure jelly (Elf:1)
  Roxanne (Shoals:1)
  2 revenants (Crypt:1)
  3 draconian knights
  9 fire giants
  7 draconian monks
  4 iron dragons
  13 frost giants
  5 nagarajas
  A daeva (Abyss:3)
  A balrug (Zot:2)
  15 vault wardens
  6 deep elf sorcerers (Elf:3)
  6 draconian scorchers
  6 draconian shifters
  2 curse skulls (Crypt:1)
  10 deep elf elementalists (Elf:3)
  Louise (Depths:3)
  A caustic shrike zombie (Crypt:3)
  3 ghost moths
  The ghost of HHeCNeOSiFe the Peltast, an adept VSBe of Trog (Shoals:3)
  5 orc warlords
  A ghoul (Vaults:2)
  4 spriggan defenders
  A caustic shrike skeleton (Crypt:3)
  5 draconian annihilators
  19 stone giants
  6 draconian stormcallers
  6 ironbound thunderhulks
  20 ironbound preservers
  3 reapers
  6 war gargoyles
  6 vampire knights
  4 formless jellyfish
  10 green draconians
  7 very ugly things
  3 demonspawn black suns (Zot:2)
  6 deep elf demonologists
  A minotaur (Gauntlet)
  9 deep elf annihilators
  8 black draconians
  5 spark wasps (Depths:4)
  10 white draconians
  9 yellow draconians
  8 purple draconians
  7 red draconians
  16 ettins
  8 dire elephants
  8 eidola
  8 deep elf death magi
  4 crystal guardians
  Fannar (D:10)
  Snorg (D:14)
  4 merfolk impalers
  3 merfolk javelineers (Shoals:4)
  9 fire dragons
  7 jiangshi
  3 entropy weavers
  Josephine (Shoals:1)
  6 deep elf high priests
  A spriggan zombie (Crypt:3)
  A salamander tyrant (Snake:4)
  15 yaktaur captains
  Harold (Lair:2)
  4 ogre magi
  27 vault guards
  8 hydras
  9 spriggan air magi
  8 great orbs of eyes
  2 peacekeepers
  5 ice dragons
  8 ironbound frosthearts
  8 rakshasas
  A death knight (D:14)
  3 spriggan skeletons
  A radroach (shapeshifter) (Depths:2)
  8 merfolk aquamancers
  2 satyrs
  33 centaur warriors
  7 anacondas
  33 dancing weapons
  2 merfolk avatars
  11 two-headed ogres
  2 alligator snapping turtles (Shoals:4)
  6 boulder beetles
  5 death yaks
  19 naga warriors
  2 titan zombies (Crypt:3)
  8 deep troll earth magi
  A shock serpent (shapeshifter) (Vaults:5)
  2 vampire magi
  3 tengu warriors
  11 deep troll shamans
  An occultist (Depths:2)
  18 naga sharpshooters
  13 shock serpents
  6 spriggan berserkers
  7 thrashing horrors
  Nergalle (Lair:2)
  8 orc high priests
  12 hell knights
  15 deep elf knights
  2 spriggans
  10 iron trolls
  24 skeletal warriors
  5 wretched stars
  A sun demon (Depths:3)
  A golden dragon zombie (Crypt:3)
  5 salamander mystics
  3 shadow wraiths
  5 sea snakes
  8 skysharks
  A death drake (Gauntlet)
  A fire crab (Lair:5)
  A ghost moth zombie (Crypt:2)
  7 flayed ghosts
  69 deep trolls
  5 glowing orange brains
  A bunyip skeleton (Crypt:3)
  7 deep elf archers
  An orange crystal statue (Depths:3)
  A golden dragon skeleton (Crypt:2)
  2 arcanists (Vaults:2)
  8 phantasmal warriors
  17 ironbound convokers
  16 lindwurms
  A shadow demon (Abyss:3)
  4 naga ritualists
  32 deep elf pyromancers
  A steelbarb worm (Snake:4)
  A kraken simulacrum (Shoals:4)
  19 harpies
  An anaconda skeleton (Crypt:3)
  A wolf spider (Lair:5)
  10 mana vipers
  9 necromancers
  10 orc knights
  A mana viper (shapeshifter) (Vaults:5)
  2 stone giant zombies (Crypt:2)
  25 deep elf zephyrmancers
  A faun (Shoals:1)
  An iron dragon zombie (Crypt:3)
  5 orc sorcerers
  A fire giant zombie (Crypt:1)
  21 ugly things
  18 salamanders
  A cyclops (shapeshifter) (D:10)
  35 moths of wrath
  16 manticores
  4 cyclopes
  Joseph (Lair:1)
  2 apocalypse crabs (Abyss:4)
  A worldbinder (Abyss:4)
  A moth of wrath (shapeshifter) (Depths:2)
  11 elephants
  7 guardian serpents
  2 formless jellyfish zombies (Crypt:1)
  3 centaur zombies
  2 smoke demons
  45 black mambas
  A guardian serpent (shapeshifter) (D:13)
  17 naga magi
  8 merfolk sirens
  Maggie (D:10)
  16 vault sentinels
  4 water nymphs (Shoals:4)
  An eye of devastation (Abyss:4)
  17 cane toads
  An unseen horror (D:12)
  7 torpor snails
  2 gargoyles (D:12)
  12 komodo dragons
  53 yaktaurs
  4 tengu conjurers
  A komodo dragon (shapeshifter) (Elf:3)
  4 rime drakes
  A pale draconian skeleton (Crypt:2)
  5 freezing wraiths
  4 kobold demonologists
  4 ancient zymes
  3 red devils
  10 trolls
  A wolf spider simulacrum (D:13)
  A hornet (shapeshifter) (D:14)
  3 tyrant leeches (Lair:5)
  A polar bear (Lair:4)
  26 merfolk
  A polar bear (shapeshifter) (Vaults:5)
  A tarantella (Vaults:3)
  4 wind drakes (Shoals:4)
  2 harpy skeletons (Crypt:3)
  14 hornets
  A glass eye (Depths:3)
  A tarantella (shapeshifter) (Vaults:5)
  9 snapping turtles
  3 dream sheep (Shoals:2)
  Grinder (D:3)
  A boulder beetle zombie (Crypt:1)
  A dream sheep (shapeshifter) (Depths:4)
  29 slime creatures
  A snapping turtle (shapeshifter) (Depths:3)
  45 flying skulls
  3 centaur simulacra
  An ettin skeleton (Crypt:3)
  29 yaks
  A spriggan (shapeshifter) (D:15)
  10 wraiths
  2 ynoxinuls
  4 air elementals
  4 shadows
  A vampire (D:10)
  4 water elementals
  2 culicivoras (shapeshifter)
  7 large abominations
  13 wyverns
  Grum (D:10)
  3 basilisks
  2 hogs (Lair:5)
  6 fire elementals
  2 chaos spawn
  7 wargs
  3 neqoxecs
  9 redbacks
  41 nagas
  9 vampire mosquitoes
  5 acid dragons
  An acid dragon (shapeshifter) (Vaults:4)
  4 hell hounds
  15 water moccasins
  A meliai simulacrum (D:13)
  43 orc warriors
  3 ice beasts
  A swamp drake (Orc:2)
  2 black bears (Lair:4)
  6 boggarts
  10 ogres
  20 wolves
  The ghost of awesomeguy42 the Grave Robber, an amateur HuNe of Nemelex Xobeh (D:3)
  A manticore skeleton (Crypt:2)
  18 centaurs
  2 phantoms
  A snapping turtle skeleton (Abyss:4)
  6 kobold brigands
  10 bullfrogs
  3 necrophages
  A scorpion (D:6)
  8 wights
  A killer bee (shapeshifter) (Vaults:5)
  11 killer bees
  A shapeshifter skeleton (Crypt:2)
  11 electric eels
  6 howler monkeys
  A crimson imp (Orc:2)
  A bullfrog zombie (Crypt:1)
  A bullfrog skeleton (Crypt:2)
  An iron imp (Orc:2)
  44 orc priests
  4 gnoll boudas
  4 hounds
  12 starcursed masses (Abyss:4)
  A sleepcap (D:5)
  Jessica (D:2)
  An iguana (D:6)
  A boggart zombie (Crypt:2)
  16 orc wizards
  7 hell rats
  5 small abominations
  An ogre skeleton (Crypt:2)
  2 mummies (Crypt:1)
  12 gnolls
  A howler monkey skeleton (Crypt:1)
  5 adders
  2 swamp drake zombies (Crypt:1)
  5 shadow imps
  3 white imps
  An ufetubus (D:13)
  3 worms
  2 dart slugs
  93 orcs
  6 ball pythons
  5 bats
  12 endoplasms
  3 giant cockroaches
  7 goblins
  7 hobgoblins
  5 jackals
  4 quokkas
  A river rat skeleton (Crypt:1)
  4 frilled lizards
  A frilled lizard zombie (Crypt:1)
  28 kobolds
  4 rats
  A spectral orc (D:8)
  A ball lightning (Zot:4)
  2 lurking horrors (Abyss:4)
  3 starspawn tentacles
  A tentacle (Shoals:4)
2364 creatures vanquished.

Vanquished Creatures (collateral kills)
  A juggernaut (Zot:5)
  Frederick (Crypt:3)
  A tentacled monstrosity (Zot:5)
  2 Orb Guardians (Zot:5)
  A moth of wrath (Zot:3)
  3 elephants (Lair:3)
  A cane toad (Lair:3)
  A yak (Lair:3)
  A butterfly (Lair:3)
12 creatures vanquished.

Vanquished Creatures (others)
  The ghost of Qaniympis the Stormcaller, a veteran DgEE (Zot:4)
  A merfolk aquamancer (Shoals:1)
  4 deep elf knights (Elf:2)
  A sea snake (Shoals:4)
  A deep elf pyromancer (Elf:2)
  A manticore (Shoals:4)
  An unseen horror (D:11)
  A wraith (Shoals:1)
  A large abomination (D:11)
  A boggart (D:14)
  An electric eel (D:11)
  A small abomination (D:11)
  A white imp (Orc:2)
  An orc (Orc:2)
  2 ball lightnings (Zot:4)
  A lurking horror (Abyss:3)
  4 starspawn tentacles
  15 tentacles (Shoals:4)
39 creatures vanquished.

Grand Total: 2415 creatures vanquished

Notes
Turn   | Place    | Note
-------+----------+-------------------------------------------
     0 | D:1      | Lobster4 the Hill Orc Fighter began the quest for the Orb.
     0 | D:1      | Reached XP level 1. HP: 19/19 MP: 1/1
    27 | D:1      | Reached skill level 3 in Axes
    32 | D:1      | Reached XP level 2. HP: 24/27 MP: 2/2
   319 | D:1      | Reached XP level 3. HP: 23/33 MP: 3/3
   714 | D:2      | Noticed Jessica
   782 | D:2      | Killed Jessica
   783 | D:2      | Reached skill level 4 in Axes
   783 | D:2      | Reached XP level 4. HP: 19/40 MP: 4/4
  1004 | D:2      | Identified the +7 spear "Ehuots" {flame, *Rage rF+ Str+5}
  1695 | D:3      | Found a transporter.
  1696 | D:3      | Found a transporter.
  1704 | D:3      | Reached XP level 5. HP: 47/47 MP: 5/5
  1812 | D:3      | Reached skill level 5 in Axes
  1818 | D:3      | Found Bocril's Magic Scroll Shoppe.
  1823 | D:3      | Bought a scroll of teleportation for 36 gold pieces
  1823 | D:3      | Bought a scroll of poison for 48 gold pieces
  1840 | D:3      | Noticed Grinder
  1853 | D:3      | Killed Grinder
  1854 | D:3      | Reached skill level 5 in Fighting
  1854 | D:3      | Reached skill level 1 in Throwing
  1854 | D:3      | Reached XP level 6. HP: 56/56 MP: 6/6
  1917 | D:3      | Found a transporter.
  2009 | D:3      | Noticed a small abomination
  2163 | D:3      | Found a transporter.
  2301 | D:4      | Reached skill level 6 in Axes
  2308 | D:4      | Reached XP level 7. HP: 61/61 MP: 7/7
  2359 | D:4      | You fall into a shaft and drop 3 floors!
  2540 | D:5      | Entered Level 5 of the Dungeon
  2895 | D:4      | Found a glowing golden altar of the Shining One.
  2904 | D:4      | Found a shimmering altar of Xom.
  2966 | D:4      | Found a staircase to the Ecumenical Temple.
  2975 | Temple   | Entered the Ecumenical Temple
  3001 | Temple   | Became a worshipper of Nemelex Xobeh the Trickster
  3268 | D:5      | Reached skill level 5 in Armour
  3373 | D:5      | Reached skill level 7 in Axes
  3379 | D:5      | Reached skill level 1 in Invocations
  3503 | D:5      | Reached skill level 5 in Shields
  3800 | D:3      | Bought a scroll of immolation for 48 gold pieces
  3800 | D:3      | Bought a scroll of blinking for 90 gold pieces
  3906 | D:6      | Reached XP level 8. HP: 70/70 MP: 7/9
  4018 | D:6      | Reached * piety under Nemelex Xobeh
  4105 | D:6      | Reached skill level 1 in Evocations
  4302 | D:7      | Reached skill level 8 in Axes
  4428 | D:7      | Received a gift from Nemelex Xobeh
  4540 | D:7      | Reached XP level 9. HP: 78/78 MP: 11/11
  4599 | D:7      | Reached skill level 9 in Axes
  4665 | D:7      | Found a broken altar of Ashenzari.
  4954 | D:8      | Noticed a two-headed ogre
  5385 | D:8      | Killed a two-headed ogre
  5386 | D:8      | Reached skill level 10 in Axes
  5468 | D:8      | Reached skill level 5 in Invocations
  5563 | D:8      | Found a basalt altar of Yredelemnul.
  5619 | D:8      | Noticed a two-headed ogre
  5632 | D:8      | Killed a two-headed ogre
  5633 | D:8      | Reached skill level 11 in Axes
  5633 | D:8      | Reached XP level 10. HP: 88/88 MP: 12/14
  6208 | D:9      | Found an ornate altar of the Wu Jian Council.
  6218 | D:9      | Reached ** piety under Nemelex Xobeh
  6220 | D:9      | Noticed a kobold demonologist
  6240 | D:9      | Killed a kobold demonologist
  6372 | D:9      | Noticed a manticore
  6388 | D:9      | Killed a manticore
  6389 | D:9      | Reached skill level 12 in Axes
  6512 | D:9      | Found a blossoming altar of Fedhas.
  6847 | D:9      | Found a faded altar of an unknown god.
  6922 | D:9      | Found a hazy altar of Hepliaklqana.
  7016 | D:10     | Entered Level 10 of the Dungeon
  7050 | D:10     | Noticed Maggie
  7053 | D:10     | Noticed Fannar
  7060 | D:10     | Killed Maggie
  7071 | D:10     | Killed Fannar
  7072 | D:10     | Reached XP level 11. HP: 59/95 MP: 16/16
  7175 | D:10     | Noticed a two-headed ogre
  7239 | D:10     | Killed a two-headed ogre
  7240 | D:10     | Reached skill level 13 in Axes
  7376 | D:10     | Found Teashri's General Store.
  7547 | D:10     | Received a gift from Nemelex Xobeh
  7559 | D:10     | Noticed a two-headed ogre
  7836 | D:10     | Noticed Grum
  7858 | D:10     | Killed Grum
  7887 | D:9      | Killed a two-headed ogre
  8436 | D:11     | Noticed a death yak
  8459 | D:11     | Killed a death yak
  8504 | D:11     | Found a staircase to the Lair.
  8514 | D:11     | Noticed a death yak
  8515 | D:11     | Noticed a death yak
  8543 | D:11     | Killed a death yak
  8549 | D:11     | Killed a death yak
  8598 | D:11     | Reached skill level 14 in Axes
  8621 | D:11     | Noticed a two-headed ogre
  8807 | D:11     | Killed a two-headed ogre
  8808 | D:11     | Reached XP level 12. HP: 106/106 MP: 18/18
  8950 | D:11     | Reached skill level 10 in Fighting
  9372 | D:11     | Noticed a centaur warrior
  9404 | D:11     | Reached *** piety under Nemelex Xobeh
  9458 | D:11     | Killed a centaur warrior
 10329 | D:3      | Found a one-way gate to the infinite horrors of the Abyss.
 10329 | D:3      | Noticed awesomeguy42's ghost (amateur HuNe)
 10342 | D:3      | Killed awesomeguy42's ghost
 10420 | D:3      | Bought a scroll of teleportation for 36 gold pieces
 10420 | D:3      | Bought a scroll of teleportation for 36 gold pieces
 10420 | D:3      | Bought 2 scrolls of identify for 48 gold pieces
 10685 | D:10     | Reached skill level 15 in Axes
 10864 | D:10     | Found a radiant altar of Vehumet.
 10938 | Gauntlet | Identified the "Koust"
 10938 | Lair:1   | Entered Level 1 of the Lair of Beasts
 11016 | Lair:1   | Noticed Joseph
 11034 | Lair:1   | Killed Joseph
 11070 | Lair:1   | Found a dark tunnel.
 11083 | Volcano  | Entered a volcano
 11206 | Volcano  | HP: 4/108 [hell hound (9)]
 11206 | Volcano  | HP: 1/108 [fire elemental (3)]
 11517 | Volcano  | Reached skill level 10 in Armour
 11517 | Volcano  | Reached skill level 10 in Invocations
 11573 | Volcano  | Reached XP level 13. HP: 116/116 MP: 20/20
 11864 | Lair:1   | Reached skill level 16 in Axes
 11868 | Lair:1   | Reached skill level 10 in Shields
 11920 | Lair:1   | Received a gift from Nemelex Xobeh
 12635 | Lair:2   | Noticed Harold
 12650 | Lair:2   | Killed Harold
 12973 | Lair:2   | Noticed Nergalle
 12985 | Lair:2   | Killed Nergalle
 13104 | Lair:2   | Reached **** piety under Nemelex Xobeh
 13300 | Lair:2   | Received a gift from Nemelex Xobeh
 13862 | Lair:3   | Noticed Rupert
 14052 | D:10     | Bought a scroll of identify for 34 gold pieces
 14268 | D:12     | Received a gift from Nemelex Xobeh
 14292 | D:12     | Reached skill level 17 in Axes
 14662 | D:12     | Reached ***** piety under Nemelex Xobeh
 14663 | D:12     | Received a gift from Nemelex Xobeh
 14667 | D:12     | Found an ancient bone altar of Kikubaaqudgha.
 15038 | D:12     | Found a staircase to the Orcish Mines.
 15093 | D:12     | Found a roughly hewn altar of Beogh.
 15318 | Orc:1    | Entered Level 1 of the Orcish Mines
 15437 | Orc:1    | Found a roughly hewn altar of Beogh.
 15440 | Orc:1    | Noticed an orc warlord
 15505 | D:12     | Killed an orc warlord
 15506 | D:12     | Reached XP level 14. HP: 126/126 MP: 22/22
 15628 | Orc:1    | Found Degu's Magic Scroll Shoppe.
 15952 | Orc:1    | Bought a scroll of fear for 72 gold pieces
 15972 | Orc:2    | Entered Level 2 of the Orcish Mines
 15972 | Orc:2    | Noticed an orc warlord
 16114 | Orc:2    | Noticed an orc warlord
 16567 | Orc:2    | Killed an orc warlord
 16568 | Orc:2    | Reached skill level 18 in Axes
 16774 | Orc:2    | Killed an orc warlord
 17027 | Orc:2    | Received a gift from Nemelex Xobeh
 17366 | Orc:2    | Found a staircase to the Elven Halls.
 17560 | Orc:2    | Found a roughly hewn altar of Beogh.
 18062 | Orc:2    | Identified the +1 hat "Pelaedu" {rElec rN++ Int+3 Stlth+}
 19157 | Orc:2    | Found Jimyg's Armour Boutique.
 19157 | Orc:2    | Found Ciub's Antique Armour Boutique.
 19164 | Orc:2    | Reached skill level 1 in Dodging
 19172 | Orc:2    | Found Tamuv's Weapon Boutique.
 19172 | Orc:2    | Found Fitziwei's Antique Armour Shop.
 19445 | Orc:2    | Bought a pair of runed boots for 195 gold pieces
 19455 | Orc:2    | Bought a pitted chain mail for 275 gold pieces
 19455 | Orc:2    | Identified the +1 chain mail "Kyfo Gal" {Drain rN+ Dex+4}
                  | (You bought it in a shop on level 2 of the Orcish Mines)
 19459 | Orc:2    | Bought a smoking scale mail for 234 gold pieces
 19459 | Orc:2    | Identified the +0 scale mail of the Distant Future {rPois
                  | Will- SInv} (You bought it in a shop on level 2 of the
                  | Orcish Mines)
 19462 | Orc:2    | Bought a translucent ring mail for 261 gold pieces
 19462 | Orc:2    | Identified the +3 ring mail of Weirdness {Fly rF++ Int-5
                  | Stlth+} (You bought it in a shop on level 2 of the Orcish
                  | Mines)
 19466 | Orc:2    | Bought a polished leather armour for 182 gold pieces
 19466 | Orc:2    | Identified the +5 leather armour of Plog {Will+ Dex+5} (You
                  | bought it in a shop on level 2 of the Orcish Mines)
 19655 | Lair:3   | Reached skill level 1 in Spellcasting
 19967 | Lair:3   | Received a gift from Nemelex Xobeh
 20137 | Lair:3   | Received a gift from Nemelex Xobeh
 20639 | Lair:3   | Found a staircase to the Shoals.
 20767 | Lair:3   | Killed Rupert
 20890 | Lair:3   | Found a staircase to the Snake Pit.
 21063 | Lair:4   | Reached skill level 19 in Axes
 21296 | Lair:4   | Received a gift from Nemelex Xobeh
 21312 | Lair:4   | Reached XP level 15. HP: 135/135 MP: 24/24
 22061 | Lair:5   | Entered Level 5 of the Lair of Beasts
 23960 | Lair:5   | Found a staircase to the Slime Pits.
 24278 | Lair:5   | Received a gift from Nemelex Xobeh
 24328 | Lair:5   | Found a runed translucent door.
 24446 | Lair:5   | Reached skill level 20 in Axes
 25090 | Lair:5   | Noticed Kirke
 25105 | Lair:5   | Killed Kirke
 25526 | Lair:5   | Reached ****** piety under Nemelex Xobeh
 25837 | Snake:1  | Entered Level 1 of the Snake Pit
 25854 | Snake:1  | Found Ulairududo's Magic Scroll Shoppe.
 25856 | Snake:1  | Found Daogriaj's Weapon Boutique.
 25856 | Snake:1  | Found Watsuepn's Jewellery Boutique.
 25963 | Snake:1  | Reached XP level 16. HP: 146/146 MP: 26/26
 26520 | Snake:1  | Noticed a nagaraja
 26576 | Snake:1  | HP: 10/219 [poisoned by a black mamba]
 26581 | Snake:1  | HP: 6/219 [poisoned by a black mamba]
 26582 | Snake:1  | HP: 2/146 [poisoned by a black mamba]
 27024 | Snake:1  | Killed a nagaraja
 27707 | Snake:1  | Reached skill level 21 in Axes
 27798 | Snake:1  | Received a gift from Nemelex Xobeh
 29967 | Snake:3  | Received a gift from Nemelex Xobeh
 30580 | Snake:3  | Reached skill level 15 in Fighting
 30741 | Snake:3  | Received a gift from Nemelex Xobeh
 30792 | Snake:3  | Reached XP level 17. HP: 105/156 MP: 28/28
 31094 | Snake:3  | Reached skill level 22 in Axes
 31459 | Snake:3  | Reached skill level 15 in Invocations
 32077 | Snake:4  | Entered Level 4 of the Snake Pit
 32451 | Snake:4  | Received a gift from Nemelex Xobeh
 32943 | Snake:4  | Received a gift from Nemelex Xobeh
 33237 | Snake:4  | Found a basalt altar of Yredelemnul.
 33251 | Snake:4  | Found Erchasin's Assorted Antiques.
 33254 | Snake:4  | Bought an iridescent long sword for 195 gold pieces
 33254 | Snake:4  | Identified the +8 long sword of Defiance {freeze, *Rage
                  | +Blink Int+9 Dex-2} (You bought it in a shop on level 4 of
                  | the Snake Pit)
 35254 | Snake:4  | Got a serpentine rune of Zot
 35289 | Snake:4  | Reached skill level 23 in Axes
 35536 | Snake:4  | Bought a scroll of enchant weapon for 172 gold pieces
 35716 | D:13     | Received a gift from Nemelex Xobeh
 35771 | D:13     | Found a gate leading to a gauntlet.
 35860 | Gauntlet | Entered a Gauntlet
 35860 | Gauntlet | Found a transporter.
 35872 | Gauntlet | Found a transporter.
 35875 | Gauntlet | Found a transporter.
 35876 | Gauntlet | Found a transporter.
 35884 | Gauntlet | Found a transporter.
 35887 | Gauntlet | Found a transporter.
 35888 | Gauntlet | Found a transporter.
 35900 | Gauntlet | Found a transporter.
 35901 | Gauntlet | Found a transporter.
 35901 | Gauntlet | Found a transporter.
 35907 | Gauntlet | Found a runed translucent gate.
 35909 | Gauntlet | Found a transporter.
 35910 | Gauntlet | Found a runed translucent gate.
 35911 | Gauntlet | Found a runed translucent gate.
 35912 | Gauntlet | Found a transporter.
 35913 | Gauntlet | Found a transporter.
 35921 | Gauntlet | Found a transporter.
 36361 | Gauntlet | Identified the staff of Tomorrow {rElec rC+ MP+9 Ice}
 36501 | D:13     | Reached XP level 18. HP: 114/132 MP: 29/29
 36784 | D:13     | Found a gate to the Vaults.
 36857 | D:13     | Received a gift from Nemelex Xobeh
 37686 | D:14     | Found a runed translucent door.
 37747 | D:14     | Noticed Snorg
 37763 | D:14     | Killed Snorg
 38114 | D:14     | Received a gift from Nemelex Xobeh
 38298 | D:14     | Reached skill level 15 in Armour
 38333 | D:14     | Identified the blade talisman of the Dwarven Hall {rF++
                  | Will+ Dex+3 Stlth-}
 38446 | D:15     | Entered Level 15 of the Dungeon
 39007 | D:15     | Found a staircase to the Depths.
 39279 | D:15     | Received a gift from Nemelex Xobeh
 39592 | D:15     | Found a sparkling altar of Nemelex Xobeh.
 39617 | D:15     | Received a gift from Nemelex Xobeh
 39776 | Shoals:1 | Entered Level 1 of the Shoals
 40145 | Shoals:1 | Noticed Josephine
 40162 | Lair:3   | Reached skill level 24 in Axes
 40400 | Shoals:1 | Killed Josephine
 40429 | Shoals:1 | Learned a level 1 spell: Magic Dart
 40517 | Shoals:1 | Received a gift from Nemelex Xobeh
 40574 | Shoals:1 | Reached skill level 15 in Shields
 40616 | Shoals:1 | Noticed Roxanne
 40758 | Shoals:1 | Noticed Mlioglotl
 40779 | Shoals:1 | Killed Mlioglotl
 40780 | Shoals:1 | Reached skill level 1 in Conjurations
 41221 | Shoals:2 | Found a runed translucent door.
 41221 | Shoals:2 | Noticed Eheu's ghost (adept DsFi)
 41257 | Shoals:2 | Killed Eheu's ghost
 41423 | Shoals:2 | Received a gift from Nemelex Xobeh
 42076 | Shoals:3 | Paralysed by a formless jellyfish for 1 turns
 42116 | Shoals:3 | Received a gift from Nemelex Xobeh
 42152 | Shoals:3 | Found a runed translucent door.
 42153 | Shoals:3 | Noticed HHeCNeOSiFe's ghost (adept VSBe)
 42193 | Shoals:3 | Killed HHeCNeOSiFe's ghost
 42201 | Shoals:3 | Identified the +2 arbalest of Reut {penet, +Blink rN+
                  | Int+3}
 42419 | Shoals:3 | Reached XP level 19. HP: 174/174 MP: 31/31
 42694 | Shoals:4 | Entered Level 4 of the Shoals
 42694 | Shoals:4 | Found Eporoem's Weapon Shoppe.
 42759 | Shoals:4 | Identified a scroll of acquirement
 43485 | Shoals:4 | Received a gift from Nemelex Xobeh
 43500 | Shoals:4 | Reached skill level 1 in Shapeshifting
 43842 | Shoals:4 | Got a barnacled rune of Zot
 44299 | Vaults:3 | Identified the "Soir"
 44299 | Vaults:5 | Identified the "Coschommu"
 44299 | Vaults:5 | Identified the of Jivoc
 44299 | Depths:2 | Identified the "Vukka"
 44299 | Depths:4 | Identified the "Ryxuok Kiutt"
 44299 | Elf:1    | Identified the "Tika"
 44299 | Elf:1    | Identified the of Siaskaos
 44299 | Elf:1    | Entered Level 1 of the Elven Halls
 44508 | Elf:1    | Noticed Asterion
 44511 | Elf:1    | Asterion changed into Asterion the azure jelly
 44511 | Elf:1    | Noticed Asterion
 44523 | Elf:1    | Killed Asterion the azure jelly
 44562 | Elf:1    | Received a gift from Nemelex Xobeh
 44565 | Elf:1    | Identified the +2 pair of gloves "Riulud" {MP+9 Str+3}
 44654 | Elf:1    | Reached skill level 25 in Axes
 44711 | Elf:1    | Acquired a manual of Air Magic
 45351 | Elf:2    | Reached skill level 1 in Air Magic
 45584 | Elf:2    | Received a gift from Nemelex Xobeh
 45827 | Elf:2    | Found a runed translucent gate.
 45827 | Elf:2    | Found a runed translucent gate.
 45838 | Elf:2    | Found a runed translucent gate.
 46408 | Elf:2    | Reached XP level 20. HP: 157/185 MP: 32/32
 46465 | Elf:2    | Received a gift from Nemelex Xobeh
 46688 | Elf:2    | Reached skill level 5 in Conjurations
 46935 | Elf:3    | Entered Level 3 of the Elven Halls
 46965 | Elf:3    | Received a gift from Nemelex Xobeh
 46981 | Elf:3    | Found Qyenoi's Assorted Antiques.
 46993 | Elf:3    | Found Xoawk's Book Shop.
 47293 | Elf:3    | Paralysed by an air elemental for 1 turns
 47511 | Elf:3    | Reached skill level 5 in Shapeshifting
 47852 | Elf:3    | Received a gift from Nemelex Xobeh
 47934 | Elf:3    | Reached skill level 5 in Spellcasting
 47953 | Elf:3    | Identified the +10 halberd of Cobwebs {freeze, rElec}
 48032 | Elf:3    | Identified the +4 flail of the King {holy, rF+ Str-4 Int+6
                  | Stlth+}
 48051 | Elf:3    | Reached skill level 26 in Axes
 48064 | Elf:3    | Reached skill level 5 in Air Magic
 48239 | Elf:3    | Identified the +0 chain mail of Vaqorul {rElec Regen+ Str-5
                  | Dex+3}
 48253 | Elf:3    | Identified the ring "Enuri" {rElec SInv}
 48259 | Elf:3    | Identified the +8 chain mail "Eckeisai" {*Slow rF+ Str+2
                  | Int+3}
 48262 | Elf:3    | Identified the +1 scale mail "Solamid" {+Blink Str+2 Int-4}
 48272 | Elf:3    | Identified the +3 glaive of the Arena {speed, *Corrode
                  | rElec rPois rF-}
 48290 | Elf:3    | Identified the ring "Odwuguum" {Fire Drain rPois Str+9
                  | Dex-3}
 48340 | Elf:3    | Identified the staff "Hof Sil" {rElec rF+ Str+3 Stlth-
                  | Fire}
 48628 | Vaults:1 | Entered Level 1 of the Vaults
 48650 | Vaults:1 | Noticed Donald
 48666 | Vaults:1 | Killed Donald
 49056 | Vaults:1 | Reached XP level 21. HP: 194/194 MP: 34/34
 49374 | Vaults:1 | You are sucked into a shaft and drop 1 floor!
 49375 | Vaults:2 | Received a gift from Nemelex Xobeh
 50082 | Vaults:2 | Found a staircase to the Crypt.
 50082 | Vaults:2 | Found an ancient bone altar of Kikubaaqudgha.
 50082 | Vaults:2 | Found a basalt altar of Yredelemnul.
 50182 | Vaults:2 | Received a gift from Nemelex Xobeh
 50601 | Vaults:1 | Reached skill level 27 in Axes
 50966 | Vaults:2 | Received a gift from Nemelex Xobeh
 51223 | Vaults:2 | Found a runed translucent gate.
 51223 | Vaults:2 | Found a runed translucent gate.
 51223 | Vaults:2 | Found a runed translucent gate.
 51224 | Vaults:2 | Noticed mandarbmax's ghost (adept VSBr)
 51271 | Vaults:3 | Received a gift from Nemelex Xobeh
 51594 | Vaults:3 | Received a gift from Nemelex Xobeh
 51734 | Vaults:3 | Noticed a golden dragon
 51861 | Vaults:3 | Reached XP level 22. HP: 119/205 MP: 35/35
 51874 | Vaults:3 | Identified the +6 shortbow of the New World {drain, rElec
                  | Dex+5 Stlth-}
 52224 | Vaults:3 | Received a gift from Nemelex Xobeh
 52473 | Vaults:3 | Killed a golden dragon
 52685 | Vaults:3 | Found the +8 storm bow {elec, penet}
 53139 | Vaults:4 | Received a gift from Nemelex Xobeh
 53350 | Vaults:4 | Paralysed by a formless jellyfish for 1 turns
 53583 | Vaults:4 | Received a gift from Nemelex Xobeh
 53720 | Vaults:4 | Received a gift from Nemelex Xobeh
 53781 | Vaults:4 | Found Jocarog's Antique Armour Emporium.
 53963 | Vaults:4 | Received a gift from Nemelex Xobeh
 54559 | Orc:2    | Bought a shiny plate armour for 676 gold pieces
 54585 | Orc:2    | Learned a level 3 spell: Swiftness
 54765 | Depths:1 | Entered Level 1 of the Depths
 54822 | Depths:1 | Found a shimmering altar of Xom.
 54823 | Depths:1 | Found a shimmering altar of Xom.
 54823 | Depths:1 | Found a shimmering altar of Xom.
 54823 | Depths:1 | Found a shimmering altar of Xom.
 54824 | Depths:1 | Found a shimmering altar of Xom.
 55070 | Depths:1 | Found a one-way gate leading to the halls of Pandemonium.
 55164 | Depths:1 | Received a gift from Nemelex Xobeh
 55217 | Depths:1 | Reached skill level 10 in Air Magic
 55457 | Depths:1 | Reached skill level 10 in Shapeshifting
 55655 | Depths:1 | Found a gateway to Hell.
 55754 | Depths:1 | Found a blossoming altar of Fedhas.
 56184 | Depths:2 | Found Kucronif's Book Shoppe.
 56188 | Depths:2 | Found Pagrem's Book Shoppe.
 56403 | Depths:2 | Reached skill level 10 in Conjurations
 56411 | Depths:2 | Found Girikib's Jewellery Shop.
 56489 | Depths:2 | Reached XP level 23. HP: 215/215 MP: 36/36
 57271 | Depths:2 | Identified the +1 pair of boots of Gufaj {rF++ Regen+
                  | Stlth-}
 57510 | Depths:2 | Received a gift from Nemelex Xobeh
 57511 | Depths:2 | Found an iron altar of Okawaru.
 57584 | Depths:2 | Found a one-way gateway to a ziggurat.
 58366 | Depths:3 | Noticed Louise
 58369 | Depths:3 | Received a gift from Nemelex Xobeh
 58380 | Depths:3 | Killed Louise
 58857 | Depths:3 | Received a gift from Nemelex Xobeh
 58921 | Depths:3 | Found a runed translucent door.
 58933 | Depths:3 | Found a runed translucent door.
 58933 | Depths:3 | Noticed a golden dragon
 59194 | Depths:4 | Entered Level 4 of the Depths
 59232 | Depths:4 | Found a portal to a secret trove of treasure.
 59372 | Depths:4 | Noticed a caustic shrike
 59372 | Depths:4 | Noticed a caustic shrike
 59384 | Depths:4 | Killed a caustic shrike
 59388 | Depths:4 | Killed a caustic shrike
 59444 | Depths:4 | Noticed a caustic shrike
 59449 | Depths:4 | Noticed a caustic shrike
 59450 | Depths:4 | Noticed a caustic shrike
 59474 | Depths:4 | Killed a caustic shrike
 59499 | Depths:4 | Killed a caustic shrike
 59538 | Depths:4 | Killed a caustic shrike
 59635 | Depths:4 | Found a runed translucent door.
 59638 | Depths:4 | Noticed arvidsem's ghost (veteran MiFi)
 59852 | Depths:4 | Received a gift from Nemelex Xobeh
 60183 | Depths:4 | Noticed a golden dragon
 60205 | Depths:4 | Killed a golden dragon
 60329 | Depths:4 | Found a gate to the Realm of Zot.
 61199 | Depths:4 | Killed arvidsem's ghost
 61200 | Depths:4 | Reached XP level 24. HP: 141/228 MP: 36/36
 61208 | Depths:4 | Found a runed translucent door.
 61212 | Depths:4 | Noticed Rutraf's ghost (veteran DEHs)
 61882 | Shoals:1 | Killed Roxanne
 62360 | Vaults:2 | Killed mandarbmax's ghost
 62368 | Vaults:2 | Identified the +1 cloak of Omission {rC+ Will+}
 62582 | Crypt:1  | Entered Level 1 of the Crypt
 63035 | Crypt:1  | Noticed Vv
 63209 | Crypt:1  | Killed Vv
 63429 | Crypt:1  | Received a gift from Nemelex Xobeh
 63592 | Crypt:1  | Noticed a royal mummy
 63604 | Crypt:1  | Noticed Khufu
 63622 | Crypt:1  | Identified the +1 trident of the Screaming Gods {freeze,
                  | Fragile Int+8 Dex+3}
 63688 | Crypt:1  | Killed a royal mummy
 63745 | Crypt:1  | Killed Khufu
 64363 | Crypt:2  | Received a gift from Nemelex Xobeh
 64675 | Crypt:2  | Received a gift from Nemelex Xobeh
 64943 | Crypt:3  | Entered Level 3 of the Crypt
 65402 | Crypt:3  | Noticed Frederick
 65547 | Crypt:3  | Killed Frederick
 65675 | Crypt:3  | Received a gift from Nemelex Xobeh
 65683 | Crypt:3  | Found a staircase to the Tomb.
 65691 | Crypt:3  | Identified the +7 battleaxe "Xatu" {flame, Fragile rPois
                  | rC+}
 65960 | Crypt:3  | Received a gift from Nemelex Xobeh
 66486 | Crypt:3  | Noticed a dread lich
 66500 | Crypt:3  | Killed a dread lich
 66503 | Crypt:3  | Found an ancient bone altar of Kikubaaqudgha.
 66545 | Crypt:3  | Identified the +2 rapier of the Revolution {heavy, rCorr
                  | Dex+3}
 66626 | Abyss:3  | Cast into level 3 of the Abyss (+1 mace of distortion)
 66717 | Abyss:3  | Reached XP level 25. HP: 230/238 MP: 36/36
 66965 | Crypt:3  | Escaped the Abyss
 68490 | Depths:4 | Found a runed translucent door.
 68495 | Depths:4 | Noticed Aryosker's ghost (veteran GnWn)
 68644 | Depths:4 | Killed Rutraf's ghost
 68724 | Depths:4 | Killed Aryosker's ghost
 68928 | Depths:4 | Identified the ring of Seosapif {Fly rPois rCorr Str+4
                  | Dex-5}
 69369 | Vaults:5 | Entered Level 5 of the Vaults
 69374 | Vaults:5 | Noticed a dread lich
 69450 | Vaults:4 | Killed a dread lich
 69451 | Vaults:4 | Reached skill level 10 in Spellcasting
 69462 | Vaults:5 | Noticed a dread lich
 69617 | Vaults:4 | Killed a dread lich
 69959 | Vaults:4 | Reached skill level 1 in Summonings
 70245 | Vaults:5 | Reached XP level 26. HP: 169/249 MP: 37/37
 70463 | Vaults:5 | Found Zerphuoge's Assorted Antiques.
 70648 | Vaults:5 | Received a gift from Nemelex Xobeh
 70661 | Vaults:5 | Bought a glowing helmet for 277 gold pieces
 70929 | Vaults:5 | Identified the staff of Regicide {rElec Will+ Air}
 70950 | Vaults:5 | Got a silver rune of Zot
 71107 | Vaults:5 | Identified the orb of Joruq {guile, Harm Drain Int+2 Dex+4}
 71182 | Vaults:5 | Identified the +2 chain mail of the Devil's Team {rF+ Int+3
                  | Stlth+}
 71346 | Vaults:5 | Identified the staff "Kehi" {rElec rPois Poison}
 71403 | Vaults:5 | Identified the +6 falchion "Qeith" {spect, rPois rC++
                  | Dex+3}
 71404 | Vaults:5 | Identified the +2 scale mail of the Sky {Will+ rCorr Dex-2
                  | SInv}
 72038 | Depths:2 | Voluntarily entered the Abyss.
 72038 | Abyss:3  | Received a gift from Nemelex Xobeh
 72080 | Abyss:3  | Gained mutation: You occasionally lose the ability to drink
                  | potions when taking damage. [a neqoxec]
 72081 | Abyss:4  | Received a gift from Nemelex Xobeh
 72252 | Abyss:4  | Reached skill level 5 in Summonings
 72333 | Abyss:4  | Paralysed by an air elemental for 1 turns
 72491 | Abyss:4  | Lost dexterity.
 72533 | Abyss:4  | Got an abyssal rune of Zot
 72543 | Depths:2 | Escaped the Abyss
 72903 | Depths:4 | Acquired a manual of Necromancy
 72914 | Depths:4 | You showed the abyssal rune of Zot to enter a treasure
                  | trove
 72915 | Trove    | Entered a treasure trove
 72918 | Trove    | Found the +8 orange crystal plate armour {Archmagi, Int+3
                  | Clar}
 72926 | Trove    | Identified the +0 pair of gloves of Vaolasme {rElec rF+
                  | Will++ Stlth-}
 72928 | Trove    | Identified the +3 kite shield of the Boiling Point {rCorr}
 72932 | Trove    | Identified the +0 crystal plate armour "Yfaih" {rF+ rN+}
 72937 | Trove    | Identified the +3 crystal plate armour of the Hidden Vale
                  | {Str+3 Dex-3 SInv}
 72939 | Trove    | Identified the +1 helmet of Xiytiug {Stlth+}
 72940 | Trove    | Identified the +1 pair of gloves of Hyciprea {Will++}
 72948 | Trove    | Identified the +0 tower shield of the Modern Tusks {Fly}
 73126 | Zot:1    | Entered Level 1 of the Realm of Zot
 73867 | Orc:1    | Bought a scroll of blinking for 135 gold pieces
 73867 | Orc:1    | Lost mutation: You occasionally lose the ability to drink
                  | potions when taking damage. [potion of mutation]
 73867 | Orc:1    | Gained mutation: You are occasionally teleported next to
                  | monsters. [potion of mutation]
 73867 | Orc:1    | Gained mutation: You expend magic power (3 MP) to
                  | strengthen your wands. [potion of mutation]
 73867 | Orc:1    | Gained mutation: You have sharp toenails. [potion of
                  | mutation]
 73868 | Orc:1    | Lost mutation: You expend magic power (3 MP) to strengthen
                  | your wands. [potion of mutation]
 73868 | Orc:1    | Lost mutation: You have sharp toenails. [potion of
                  | mutation]
 73868 | Orc:1    | Lost mutation: You are occasionally teleported next to
                  | monsters. [potion of mutation]
 73868 | Orc:1    | Gained mutation: Armour fits poorly on your strangely
                  | shaped body. [potion of mutation]
 73868 | Orc:1    | Gained mutation: Your muscles are strong. (Str +4, Int/Dex
                  | -1) [potion of mutation]
 73869 | Orc:1    | Lost mutation: Armour fits poorly on your strangely shaped
                  | body. [potion of mutation]
 73869 | Orc:1    | Lost mutation: Your muscles are strong. (Str +4, Int/Dex
                  | -1) [potion of mutation]
 73869 | Orc:1    | Gained mutation: Your flesh is heat resistant. (rF+)
                  | [potion of mutation]
 73869 | Orc:1    | Gained mutation: You have sharp toenails. [potion of
                  | mutation]
 73869 | Orc:1    | Gained mutation: You are dopey. (Int -2) [potion of
                  | mutation]
 74070 | Zot:1    | Learned a level 4 spell: Summon Lightning Spire
 74102 | Zot:1    | You are sucked into a shaft and drop 1 floor!
 74102 | Zot:2    | Identified the "Houtrel"
 74254 | Zot:1    | Received a gift from Nemelex Xobeh
 74690 | Zot:1    | Found a runed translucent gate.
 74690 | Zot:1    | Found a runed translucent gate.
 74691 | Zot:1    | Found a runed translucent gate.
 74692 | Zot:1    | Noticed laschroeter's ghost (veteran MiBe)
 74693 | Zot:1    | Noticed Heerchaexodu's ghost (veteran OgBe)
 74693 | Zot:1    | Noticed Foeck's ghost (veteran TrCK)
 74838 | Zot:2    | Received a gift from Nemelex Xobeh
 75122 | Zot:2    | Found the +4 dragonskin cloak
 75122 | Zot:2    | Noticed Tiamat
 75155 | Zot:2    | Killed Tiamat
 75368 | Zot:2    | Reached XP level 27. HP: 264/264 MP: 37/37
 75449 | Zot:2    | Noticed an orb of fire
 75466 | Zot:2    | Gained mutation: You are weak. (Str -2) [an orb of fire]
 75471 | Zot:2    | Killed an orb of fire
 75672 | Zot:2    | Received a gift from Nemelex Xobeh
 75958 | Zot:2    | Reached skill level 1 in Necromancy
 76083 | Zot:3    | Reached skill level 15 in Air Magic
 76227 | Zot:3    | Learned a level 2 spell: Cigotuvi's Dreadful Rot
 76369 | Zot:3    | Reached skill level 1 in Poison Magic
 76988 | Zot:4    | Reached skill level 5 in Necromancy
 77211 | Zot:4    | Received a gift from Nemelex Xobeh
 77445 | Zot:4    | Received a gift from Nemelex Xobeh
 77465 | Zot:4    | Found a runed translucent gate.
 77466 | Zot:4    | Found a runed translucent gate.
 77466 | Zot:4    | Found a runed translucent gate.
 77468 | Zot:4    | Noticed Qaniympis's ghost (veteran DgEE)
 77823 | Zot:4    | Killed Qaniympis's ghost
 77839 | Zot:4    | Learned a level 4 spell: Airstrike
 77848 | Zot:5    | Entered Level 5 of the Realm of Zot
 77934 | Zot:5    | Noticed an orb of fire
 77944 | Zot:5    | Gained mutation: Your magical capacity is low. (-10% MP)
                  | [an orb of fire]
 77952 | Zot:5    | Gained mutation: Your magical capacity is very low. (-20%
                  | MP) [an orb of fire]
 77956 | Zot:5    | Killed an orb of fire
 78021 | Zot:5    | Received a gift from Nemelex Xobeh
 78192 | Zot:5    | Reached skill level 10 in Summonings
 78450 | Zot:5    | Noticed an orb of fire
 78453 | Zot:5    | a Killer Klown changed into a juggernaut
 78453 | Zot:5    | Noticed a juggernaut
 78454 | Zot:5    | Noticed an orb of fire
 78458 | Zot:5    | Killed a juggernaut
 78461 | Zot:5    | Gained mutation: You are partially covered in iridescent
                  | scales. (AC +2) [an orb of fire]
 78462 | Zot:5    | Lost mutation: You are dopey. (Int -2) [an orb of fire]
 78468 | Zot:5    | Noticed an orb of fire
 78469 | Zot:5    | Gained mutation: Your spells are a little easier to cast,
                  | but a little less powerful. [an orb of fire]
 78473 | Zot:5    | Noticed an orb of fire
 78474 | Zot:5    | Killed an orb of fire
 78597 | Zot:5    | Gained mutation: You are vulnerable to cold. (rC-) [an orb
                  | of fire]
 78601 | Zot:5    | Gained mutation: Armour fits poorly on your strangely
                  | shaped body. [an orb of fire]
 78606 | Zot:5    | Killed an orb of fire
 78619 | Zot:5    | Killed an orb of fire
 78837 | Zot:5    | Noticed an ancient lich
 78861 | Zot:5    | Killed an ancient lich
 78862 | Zot:5    | Reached skill level 5 in Poison Magic
 79361 | Zot:5    | Noticed a dread lich
 79361 | Zot:5    | Noticed an orb of fire
 79364 | Zot:5    | Noticed an orb of fire
 79364 | Zot:5    | Noticed an orb of fire
 79450 | Zot:5    | Gained mutation: You occasionally lose the ability to read
                  | scrolls when taking damage. [an orb of fire]
 79463 | Zot:5    | Killed an orb of fire
 79467 | Zot:5    | Killed an orb of fire
 79517 | Zot:4    | Lost mutation: You occasionally lose the ability to read
                  | scrolls when taking damage. [potion of mutation]
 79517 | Zot:4    | Lost mutation: Your flesh is heat resistant. (rF+) [potion
                  | of mutation]
 79517 | Zot:4    | Lost mutation: You are vulnerable to cold. (rC-) [potion of
                  | mutation]
 79517 | Zot:4    | Gained mutation: You are occasionally teleported next to
                  | monsters. [potion of mutation]
 79518 | Zot:4    | Lost mutation: You are partially covered in iridescent
                  | scales. (AC +2) [potion of mutation]
 79518 | Zot:4    | Lost mutation: Armour fits poorly on your strangely shaped
                  | body. [potion of mutation]
 79518 | Zot:4    | Gained mutation: Your system is resistant to poisons.
                  | (rPois) [potion of mutation]
 79518 | Zot:4    | Gained mutation: You sometimes lose your temper in combat.
                  | [potion of mutation]
 79519 | Zot:4    | Lost mutation: Your system is resistant to poisons. (rPois)
                  | [potion of mutation]
 79519 | Zot:4    | Lost mutation: You are weak. (Str -2) [potion of mutation]
 79519 | Zot:4    | Lost mutation: You sometimes lose your temper in combat.
                  | [potion of mutation]
 79519 | Zot:4    | Gained mutation: You possess an exceptional clarity of
                  | mind. [potion of mutation]
 79519 | Zot:4    | Gained mutation: You have hidden genetic defects. [potion
                  | of mutation]
 79519 | Zot:4    | Gained mutation: You have a pair of small horns on your
                  | head. [potion of mutation]
 79520 | Zot:4    | Lost mutation: Your spells are a little easier to cast, but
                  | a little less powerful. [potion of mutation]
 79520 | Zot:4    | Lost mutation: You have hidden genetic defects. [potion of
                  | mutation]
 79520 | Zot:4    | Lost mutation: You are occasionally teleported next to
                  | monsters. [potion of mutation]
 79520 | Zot:4    | Gained mutation: Your system is resistant to poisons.
                  | (rPois) [potion of mutation]
 79520 | Zot:4    | Gained mutation: You are partially covered in iridescent
                  | scales. (AC +2) [potion of mutation]
 79520 | Zot:4    | Gained mutation: You have supernaturally acute eyesight.
                  | (SInv) [potion of mutation]
 79562 | Zot:5    | Noticed an orb of fire
 79569 | Zot:5    | Gained mutation: You are weak. (Str -2) [an orb of fire]
 79570 | Zot:5    | Killed an orb of fire
 79578 | Zot:5    | Gained mutation: You occasionally lose the ability to read
                  | scrolls when taking damage. [an orb of fire]
 79591 | Zot:5    | Gained mutation: Your body sometimes deteriorates upon
                  | taking damage. [an orb of fire]
 79595 | Zot:5    | Killed an orb of fire
 79629 | Zot:5    | Noticed a dread lich
 79639 | Zot:5    | Killed a dread lich
 79643 | Zot:5    | Killed a dread lich
 79663 | Zot:5    | Gained mutation: You do not regenerate when monsters are
                  | visible. [an orb of fire]
 79668 | Zot:5    | Killed an orb of fire
 79813 | Zot:5    | Received a gift from Nemelex Xobeh
 80330 | Snake:4  | Bought a potion of mutation for 184 gold pieces
 80330 | Snake:4  | Lost mutation: You do not regenerate when monsters are
                  | visible. [potion of mutation]
 80330 | Snake:4  | Lost mutation: You have sharp toenails. [potion of
                  | mutation]
 80330 | Snake:4  | Gained mutation: Your mind is acute. (Int +4, Str/Dex -1)
                  | [potion of mutation]
 80796 | Zot:5    | Got the Orb of Zot
 81119 | D:11     | Noticed Peoh the pandemonium lord
 81224 | D:7      | Noticed Luotecub the pandemonium lord
 81410 | D:1      | Noticed Yttih the pandemonium lord
 81422 | D:$      | Escaped with the Orb!

Illustrated notes

Levels and vault maps discovered:
D:1:      erik_arrival_orb_chamber, layout_basic
D:2:      layout_basic, uniq_jessica
D:3:      gammafunk_wand_slinger, layout_loops_ring, serial_shops,
          nicolae_shop_trees, gammafunk_ghost_abyssal_escape, minivault_26,
          uniq_grinder
D:4:      layout_cave_pools, mainiacjoe_overflow_alcove_4, lemuel_round_altar,
          minmay_temple_entry_metal_lava
D:5:      layout_basic, minmay_misc_feat_iff
D:6:      layout_basic, mainiacjoe_overflow_six_doors_small,
          kennysheep_little_box, kennysheep_generic_room_4
D:7:      layout_basic, nicolae_overflow_crystal_walls
D:8:      layout_rooms, yredelemnul_forgotten_temple_becter
D:9:      layout_roguey, kennysheep_mini_moat, old_standard_altar,
          beargit_hepliaklqana_dungeon_heroes, grunt_ministairs_1
D:10:     nzn_winding_woodlands_medium [nzn_winding_woodlands_5x5_open_star,
          nzn_winding_woodlands_5x15_sidewinder,
          nzn_winding_woodlands_5x5_closed_star,
          nzn_winding_woodlands_hourglass,
          nzn_winding_woodlands_center_triple_pond,
          nzn_winding_woodlands_5x5_perimeter,
          nzn_winding_woodlands_5x5_checkerboard,
          nzn_winding_woodlands_5x15_twine, nzn_winding_woodlands_5x5_three],
          layout_cave_pools, nicolae_vehumet_radiance, serial_shops,
          nicolae_shop_back_alley_shop, amethyst_killhole, minmay_librarian,
          uniq_maggie, uniq_fannar, uniq_grum
D:11:     layout_basic, dpeg_lair_monsters, lemuel_flamethrower_2
D:12:     layout_roguey, minmay_orc_entry_temple_small,
          kiku_gazebo_garden_becter
D:13:     minmay_curly_fans, layout_rooms, david_vaults_1,
          gauntlet_entry_generic, serial_ice, serial_ice_f, serial_ice_m,
          serial_ice_e, serial_ice_h, serial_ice_a, serial_ice_l,
          portal_ice_cave_rime, special_room [special_room_orc]
D:14:     layout_stronghold, corexii_hall_statues_t, minmay_st_funbox,
          uniq_snorg
D:15:     gammafunk_enter_depths_forms, layout_irregular_city,
          nemelex_spade_bored_becter, serial_bayou_ford_a, st_stairs_6,
          minivault_19
Temple:   hellmonk_temple_forest_ring
Lair:1:   layout_cave_pods, serial_forest, infiniplex_forest_clump_C,
          infiniplex_forest_clump_diagonal, infiniplex_forest_corner_1,
          infiniplex_forest_split, nicolae_volcano_entry_s_turn, uniq_joseph
Lair:2:   layout_misc_corridors, beast_lair_carwin_3, uniq_harold, uniq_nergalle
Lair:3:   layout_regular_city, mainiacjoe_shoals_entry_four_pools,
          alex1729_snake_entry_snake, serial_bayou_shore_a,
          infiniplex_staircase_pool_2, lemuel_fruit_fields, uniq_rupert
Lair:4:   layout_loops_ring, nzn_sisyphean_effort, grunt_megastairs_5,
          infiniplex_staircase_pool
Lair:5:   wormcave, layout_layer_cave, hangedman_lair_tendril_chambers,
          slime_entry_1, dreamdust_deal_with_the_devil, uniq_kirke
Shoals:1: layout_shoals, nicolae_shoals_aquamancer_cove, uniq_mlioglotl,
          uniq_roxanne, uniq_josephine
Shoals:2: layout_shoals, hellmonk_ghost_happy_afterlife
Shoals:3: layout_shoals, ebering_ghost_reflecting_pool
Shoals:4: shoals_end_grunt_ice, layout_shoals, serial_shops,
          nicolae_shop_waterfront
Snake:1:  layout_basic, nicolae_wooded_promenade, nicolae_snake_omega
Snake:2:  layout_layer_cave, grunt_ministairs_9, nicolae_integral_box
Snake:3:  layout_cave_town
Snake:4:  snake_pit, layout_cave_town, basic_altar, serial_shops,
          nicolae_shop_behind_doors
Orc:1:    layout_diamond_mine, serial_shops, shop, basic_altar,
          nicolae_orc_rockfall
Orc:2:    st_orc_pillars, layout_diamond_mine, basic_altar,
          hangedman_minor_magic
Elf:1:    layout_gridlike, minmay_elf_demonology, minivault_25,
          dk_noncrumbling_2, grunt_megastairs_2, uniq_asterion
Elf:2:    nicolae_elf_blades_splatter_lattice [nicolae_blade_entry_pointy_end],
          layout_loops_cross
Elf:3:    minmay_elf_hall_four_x, layout_geoelf_octagon, minmay_shoptagon,
          uniq_louise
Vaults:1: hangedman_vaults_river_flow, vaults_room_boxed, v_misc_4,
          nicolae_vaults_meiosis, v_pattern_2, v_misc_32,
          nicolae_vaults_tetromino_T_2, vaults_room_grid, nicolae_vaults_two_Ls,
          grunt_vaults_hallway_short, layout_vaults_ring, uniq_donald
Vaults:2: gammafunk_ghost_spectres, ontoclasm_vaults_fault,
          minmay_crypt_entry_necro_gods, ontoclasm_vaults_twist, v_misc_14,
          nicolae_vaults_trapezoid_layered, grunt_vaults_swirl,
          nicolae_vaults_what_the_h, v_misc_12, nicolae_vaults_circle_grid_a,
          hangedman_vaults_maws, nicolae_vaults_network_s,
          nicolae_vaults_little_squares_4, nicolae_vaults_trapezoid_2,
          layout_vaults_omnibox
Vaults:3: v_pattern_4, v_alt_pattern_5, hangedman_vaults_corner,
          nicolae_vaults_surprise_closet, nicolae_vaults_steering_wheel,
          minmay_guarded_unrand_secular_launcher, layout_vaults_chaotic_city
Vaults:4: nicolae_vaults_closet_pinwheel_3, nicolae_vaults_apartment_2,
          nicolae_vaults_shelves_hall, grunt_vaults_hallway_short,
          nicolae_vaults_asterisk, layout_vaults_omnigrid, serial_shops, shop
Vaults:5
Crypt:1:  layout_rooms, uniq_vv, uniq_khufu
Crypt:2:  layout_regular_city
Crypt:3:  cryptofortress_bobbens, uniq_frederick
Depths:1: layout_basic, grunt_pan_entry_in_and_out, hangedman_geh_valley,
          xom_redecorated, fedhas_altar_3
Depths:2: evilmike_hourglass, layout_cave_pools, enter_ziggurat_f, abyss_entry,
          hell_entry, pan_entry, okawaru_gym_becter, minmay_shop_grove
Depths:3: thingy_vault_2, layout_cave_pools, grunt_pan_entry_zigzag,
          serial_sigils, serial_sigils_hangedman_stare,
          serial_sigils_hangedman_gnaw, serial_sigils_hangedman_shear,
          nicolae_abyss_entry_one_way_or_another, grunt_hell_entry_dis_old
Depths:4: evilmike_zot_entry_argh, layout_basic,
          muffindrake_ghost_three_little_ghosts, nicolae_trove_entry_isolated,
          hell_entry, hangedman_abyss_or_decor_clamps, uniq_josephina
Zot:1:    layout_onion_interference, regret_index_zotdec_silver_v_v_orig_slice,
          gammafunk_ghost_cemetery
Zot:2:    dreamdust_black_sun_cult, layout_basic, zot_minivault_1, uniq_tiamat
Zot:3:    layout_misc_corridors, grunt_megastairs_1
Zot:4:    layout_gridville, ebering_ghost_rock_garden, skrybe_zot_glass_2
Zot:5:    layout_misc_corridors, st_stairs_12

Skill      XL: |  1  2  3  4  5  6  7  8  9 10 11 12 13 14 15 16 17 18 19 20 21 22 23 24 25 26 27 |
---------------+----------------------------------------------------------------------------------+-----
Axes           | 3 4 5 6 7 8 11 12 14 15 17 19 20 21 23 24 25 26 27 | 27.0
Fighting       | 4 5 6 7 8 9 11 12 13 14 15 16 17 18 19 20 21 22 23 24 26 | 26.5
Armour         | 4 5 6 7 8 9 10 11 12 13 14 15 16 17 18 19 20 21 22 24 | 24.4
Shields        | 4 5 7 8 9 11 12 13 14 15 | 15.0
Throwing       | 1 2 3 4 |  4.0
Invocations    | 1 3 5 7 8 10 11 12 13 14 15 16 17 18 20 | 20.0
Evocations     | 2 3 |  3.0
Dodging        | 2 3 |  3.0
Spellcasting   | 1 3 4 5 6 7 9 10 | 10.0
Conjurations   | 2 4 6 8 10 | 10.0
Shapeshifting  | 4 5 8 10 12 13 | 13.0
Air Magic      | 2 5 8 10 12 14 16 | 16.9
Summonings     | 2 7 10 | 10.0
Necromancy     | 5 |  5.0
Poison Magic   | 5 |  5.0

Action                     |  1- 3 |  4- 6 |  7- 9 | 10-12 | 13-15 | 16-18 | 19-21 | 22-24 | 25-27 || total
---------------------------+-------+-------+-------+-------+-------+-------+-------+-------+-------++-------
  Melee: War axe           |    78 |     8 |    16 |       |   175 |     9 |       |    15 |       ||   301
         Spear             |       |    76 |   207 |   575 |  1465 |   560 |     9 |   331 |    17 ||  3240
         Staff             |       |       |       |     7 |     3 |       |       |       |       ||    10
         Broad axe         |       |       |       |       |       |  1302 |  1407 |  1922 |  2238 ||  6869
         Headbutt          |       |       |       |       |       |       |       |       |    29 ||    29
  Throw: Dart              |       |       |    14 |    61 |    58 |       |     3 |       |       ||   136
         Throwing net      |       |       |     1 |       |     1 |       |       |       |       ||     2
         Boomerang         |       |       |       |       |    30 |    24 |       |       |       ||    54
         Javelin           |       |       |       |       |       |     4 |     2 |       |     1 ||     7
   Cast: Magic Dart        |       |       |       |       |       |       |     1 |    42 |    29 ||    72
         Swiftness         |       |       |       |       |       |       |       |     2 |     1 ||     3
         Summon Lightning  |       |       |       |       |       |       |       |       |    19 ||    19
         Airstrike         |       |       |       |       |       |       |       |       |     7 ||     7
         Cigotuvi's Dreadf |       |       |       |       |       |       |       |       |     1 ||     1
 Invoke: Draw Escape       |       |       |       |     1 |       |       |       |       |       ||     1
         Draw Destruction  |       |       |       |       |     2 |     6 |     3 |     3 |    13 ||    27
         Draw Summoning    |       |       |       |       |     2 |       |       |     5 |     9 ||    16
         Draw Stack        |       |       |       |       |       |       |       |       |     2 ||     2
         Stack Five        |       |       |       |       |       |       |       |       |     1 ||     1
  Evoke: Wand              |       |       |     1 |     4 |     9 |     4 |     2 |     2 |     5 ||    27
         Phantom mirror    |       |       |       |       |       |       |       |     1 |       ||     1
         Lightning rod     |       |       |       |       |       |       |       |       |     1 ||     1
    Use: Scroll            |       |     3 |     5 |    22 |    12 |    17 |     9 |    10 |    25 ||   103
         Potion            |       |     1 |     2 |     6 |     4 |     5 |     3 |     2 |    15 ||    38
   Stab: Held in net/web   |       |       |       |       |     3 |       |       |       |       ||     3
         Invisible         |       |       |       |       |     2 |       |       |       |       ||     2
         Paralysed         |       |       |       |       |       |     5 |       |     7 |       ||    12
         Distracted        |       |       |       |       |       |       |       |     2 |    12 ||    14
 Armour: Scale mail        |    45 |     2 |       |       |       |       |       |       |       ||    47
         Chain mail        |       |    27 |   156 |   520 |   437 |       |       |       |       ||  1140
         Plate armour      |       |       |       |       |   573 |  1080 |   792 |  1428 |   808 ||  4681
         Crystal plate arm |       |       |       |       |       |       |       |       |  1110 ||  1110
  Dodge: Dodged            |    33 |    16 |    76 |   334 |   477 |   692 |   581 |   897 |  1209 ||  4315
  Block: Buckler           |    27 |    10 |    43 |    66 |       |       |       |       |       ||   146
         Kite shield       |       |       |       |   150 |   700 |   995 |   813 |  1225 |  1434 ||  5317
         Reflection        |       |       |       |       |       |   120 |    73 |    37 |    40 ||   270

Table legend: (Time is in decaauts)
 A = Elapsed time spent in this place.
 B = Non-inter-level travel time spent in this place.
 C = Inter-level travel time spent in this place.
 D = Time resting spent in this place.
 E = Time spent auto-exploring this place.
 F = Levels seen in this place.
 G = Mean time per level.
                   A        B        C        D        E       F      G
               +--------+--------+--------+--------+--------+-----+--------+
         Total |  81299 |  72571 |   8728 |  18114 |  30044 |  57 | 1426.3 |
       Dungeon |  18279 |  15580 |   2699 |   2967 |   8497 |  15 | 1218.6 |
        Temple |     37 |     27 |     10 |      0 |      0 |   1 |   37.0 |
          Lair |  10064 |   9183 |    881 |   3136 |   3727 |   5 | 2012.8 |
        Shoals |   4032 |   3610 |    422 |    268 |   2035 |   4 | 1008.0 |
     Snake Pit |   9872 |   9379 |    493 |   3642 |   3238 |   4 | 2468.0 |
  Orcish Mines |   4407 |   3918 |    489 |   2080 |    708 |   2 | 2203.5 |
   Elven Halls |   4096 |   3807 |    289 |    514 |   1782 |   3 | 1365.3 |
        Vaults |   9129 |   7760 |   1369 |   1311 |   3698 |   5 | 1825.8 |
         Crypt |   3693 |   3521 |    172 |    328 |   1204 |   3 | 1231.0 |
        Depths |   9429 |   7983 |   1446 |   2278 |   2462 |   4 | 2357.2 |
           Zot |   6152 |   5698 |    454 |    768 |   2452 |   5 | 1230.4 |
         Abyss |    799 |    799 |      0 |    216 |    107 |   3 |  266.3 |
         Trove |     62 |     62 |      0 |      0 |      0 |   1 |   62.0 |
       Volcano |    655 |    655 |      0 |    342 |      0 |   1 |  655.0 |
      Gauntlet |    586 |    586 |      0 |    260 |    134 |   1 |  586.0 |
               +--------+--------+--------+--------+--------+-----+--------+

Top non-repeatable levels by time:
Depths:4: 3589 daAuts
 Snake:4: 3359 daAuts
   Orc:2: 2689 daAuts
 Snake:1: 2653 daAuts
Depths:2: 2512 daAuts
  Lair:4: 2498 daAuts
  Lair:3: 2413 daAuts
  Lair:5: 2399 daAuts
Vaults:2: 2236 daAuts
 Snake:3: 2219 daAuts
Vaults:4: 2122 daAuts
Vaults:3: 1959 daAuts
   Zot:5: 1956 daAuts
 Crypt:3: 1908 daAuts
    D:11: 1852 daAuts
